 Dungeon Crawl Stone Soup version 0.24.0-1-gfbc8707122 (webtiles) character file.

Game seed: 14613785587456291388, levelgen mode: deterministic

33620 MisterOstroum the Nimble (level 13, -15/103 HPs)
             Began as a Merfolk Enchanter on Oct 25, 2019.
             Was the Champion of Dithmenos.
             Demolished by a spriggan rider
             ... wielding a +0 spear
              (22 damage)
             ... on level 2 of the Swamp on Oct 26, 2019.
             The game lasted 01:47:52 (20635 turns).

MisterOstroum the Nimble (Merfolk Enchanter)       Turns: 20635, Time: 01:47:53

Health: -15/103    AC:  8    Str: 11    XL:     13   Next: 72%
Magic:  5/22       EV: 26    Int: 19    God:    Dithmenos [******]
Gold:   1115       SH:  0    Dex: 19    Spells: 12/24 levels left

rFire    . . .     SeeInvis .   a - +1 dagger (venom)
rCold    . . .     Gourm    .   (no shield)
rNeg     . . .     Faith    +   S - +0 troll leather armour
rPois    .         Spirit   .   X - +1 helmet
rElec    .         Reflect  .   (no cloak)
rCorr    .         Harm     .   M - +0 pair of gloves
MR       +....                  t - +0 pair of boots
Stlth    +++++++++.             x - amulet of faith
HPRegen  0.67/turn              T - +2 ring of strength
MPRegen  0.18/turn              d - ring of protection from magic

@: agile, lethally poisoned (-15 -> -15), very slightly contaminated, wreathed
by umbra
A: change form in water, swift swim, stealthy swim
a: Shadow Step, Shadow Form, Renounce Religion


You were on level 2 of the Swamp.
You worshipped Dithmenos.
Dithmenos was exalted by your worship.
You were not hungry.

You visited 4 branches of the dungeon, and saw 21 of its levels.
You also visited: Ossuary.

You collected 1115 gold pieces.

Inventory:

Hand Weapons
 a - a +1 dagger of venom (weapon)
 b - a +0 rapier
 v - a +0 trident
Missiles
 c - 416 stones (quivered)
 g - 56 sling bullets
 i - 18 javelins
 E - 2 throwing nets {!f}
Armour
 f - a +1 robe
 t - a +0 pair of boots (worn)
 M - a +0 pair of gloves (worn)
 S - a +0 troll leather armour (worn)
 X - a +1 helmet (worn)
Jewellery
 d - a ring of protection from magic (right hand)
 x - an amulet of faith (around neck)
 L - an uncursed ring of resist corrosion
 T - a +2 ring of strength (left hand)
Wands
 B - a wand of iceblast (11)
 C - a wand of enslavement (9)
 F - a wand of flame (44)
 N - a wand of random effects (31)
 Z - a wand of disintegration (8)
Scrolls
 h - 2 scrolls of random uselessness {unknown}
 j - 12 scrolls of remove curse {@r2}
 m - 4 scrolls of magic mapping {@r5 !r}
 o - a scroll of acquirement {unknown}
 q - 8 scrolls of teleportation {@r3 !r}
 r - 6 scrolls of immolation
 y - 3 scrolls of enchant weapon
 G - 6 scrolls of amnesia
 H - a scroll of torment {unknown}
 I - a scroll of vulnerability
 O - 3 scrolls of fog {!r}
 P - 3 scrolls of silence
 Q - a scroll of fear {!r}
Potions
 n - 8 potions of brilliance
 p - 3 potions of curing {@q1 !q}
 s - 2 potions of resistance
 u - a potion of invisibility
 z - 2 potions of haste {@q4 !q}
 A - 8 potions of flight
 K - a potion of agility {@q5 !q}
 R - a potion of ambrosia
 U - a potion of might {@q3 !q}
 W - a potion of cancellation
Miscellaneous
 V - a sack of spiders
Comestibles
 e - 21 rations


   Skills:
 - Level 10.0 Fighting
 - Level 10.0 Short Blades
 * Level 11.3 Dodging
 - Level 10.0 Stealth
 - Level 6.1 Spellcasting
 + Level 1.3 Conjurations
 - Level 10.0 Hexes
 - Level 5.0 Ice Magic
 + Level 1.2 Air Magic
 * Level 4.2 Poison Magic
 + Level 8.8 Invocations
 + Level 4.2 Evocations


You had 12 spell levels left.
You knew the following spells:

 Your Spells              Type           Power        Failure   Level  Hunger
a - Corona                Hex            #####..      1%          1    None
b - Ensorcelled Hibernat  Hex/Ice        ####..       1%          2    None
c - Confuse               Hex            #####...     1%          3    ##.....
d - Tukima's Dance        Hex            #####...     1%          3    ##.....
e - Mephitic Cloud        Conj/Pois/Air  ##......     17%         3    ##.....

Your spell library contained the following spells:

 Spells                   Type           Power        Failure   Level  Hunger
 Dazzling Spray           Conj/Hex       ####..       4%          3    ##.....
 Summon Guardian Golem    Hex/Summ       ###.....     5%          3    ##.....
 Poisonous Vapours        Pois/Air       ###...       7%          2    None
 Summon Small Mammal      Summ           #...         14%         1    None
 Conjure Flame            Conj/Fire      #.......     32%         3    ##.....
 Summon Demon             Summ           #.........   99%         5    #####..
 Summon Forest            Summ/Tloc      #.........   99%         5    #####..
 Freezing Cloud           Conj/Ice/Air   ###.......   100%        6    #######
 Ring of Flames           Chrm/Fire      #.........   100%        7    #######


Dungeon Overview and Level Annotations

Branches:
Dungeon (12/15)            Temple (1/1) D:4            Lair (5/6) D:8
  Swamp (3/4) Lair:2        Snake (0/4) Lair:2          Orc (0/2) D:12
Ossuary (visited)
  Slime: Lair:5-6

Altars:
Ashenzari
Cheibriados
Dithmenos
Elyvilon
Fedhas
Gozag
Hepliaklqana
Kikubaaqudgha
Makhleb
Nemelex Xobeh
Okawaru
Qazlal
Ru
Sif Muna
Trog
Uskayaw
Vehumet
Wu Jian
Xom
Yredelemnul
Zin
The Shining One

Annotations:
D:6 exclusions: 2 doors and orc
D:8 exclusion: 2 oklob plants
D:11 Erolcha, Snorg
D:12 Frances, Gastronok, Urug
Lair:1 exclusion: 3 oklob plants
Lair:4 exclusion: hydra
Lair:5 exclusion: hydra, Rupert
Swamp:1 exclusions: hydra and thorn hunter
Swamp:3 Bai Suzhen


Message History

The spriggan rider looks as sick as possible!
The spriggan rider is severely wounded.
You hear a splash.
You kill the spriggan!
Dithmenos accepts your kill.
You hit the hornet.
The hornet looks as sick as possible!
The hornet is severely wounded.
Your shadow hits the hornet but does no damage.
You hit the hornet but do no damage.
The hornet looks as sick as possible!
The hornet is severely wounded.
The hornet is engulfed in noxious fumes.
The hornet misses you.
You hit the hornet but do no damage.
The hornet looks as sick as possible!
The hornet is almost dead.
The hornet is engulfed in noxious fumes.
The hornet appears confused.
The hornet stings you!
You are poisoned.
You feel yourself slow down.
You hit the hornet.
The hornet looks as sick as possible!
The hornet is almost dead.
You feel sick.
You kill the hornet!
Dithmenos accepts your kill.
Casting: Mephitic Cloud (safe; 17% risk of failure)
Confirm with . or Enter, or press ? or * to list all spells.
Aiming: Mephitic Cloud (safe; 17% risk of failure)
Press: ? - help, Shift-Dir - straight line, f - spriggan rider
Aim: a spriggan rider, wielding a +0 spear (water, umbra)
The ball explodes into a vile cloud!
The stinking cloud engulfs the spriggan rider but does no damage.
Your shadow mimicks your spell!
The shadow shard hits the spriggan rider!!
You feel sick.
The spriggan rider is engulfed in noxious fumes.
The spriggan rider barely misses you.
You feel yourself speed up.
Casting: Mephitic Cloud (safe; 17% risk of failure)
Confirm with . or Enter, or press ? or * to list all spells.
Aiming: Mephitic Cloud (safe; 17% risk of failure)
Press: ? - help, Shift-Dir - straight line, f/p - spriggan rider
Aim: a spriggan rider, wielding a +0 spear (heavily wounded, umbra)
You miscast Mephitic Cloud.
You are very lightly contaminated with residual magic.
Nothing appears to happen.
You feel sick.
The spriggan rider hits you from afar with a +0 spear!!
Really quaff
l - a potion of heal wounds {@q2 !q}?
You feel much better. The spriggan rider misses you.
Okay, then.
Unknown command.
Okay, then.
Okay, then.
Really quaff
K - 2 potions of agility {@q5 !q}?
You feel agile all of a sudden.
The sentinel's mark upon you fades away.
You feel sick.
The spriggan rider hits you from afar with a +0 spear!
The spriggan rider hits you from afar with a +0 spear.
Evoke which item? (* to show all) (? for menu, Esc to quit)
Okay, then.
Unknown command.
Evoke which item? (* to show all) (? for menu, Esc to quit)
Aiming: Iceblast
Press: ? - help, Shift-Dir - straight line, f/p - spriggan rider
Aim: a spriggan rider, wielding a +0 spear (heavily wounded, umbra)
The mass of ice explodes!
The iceblast engulfs the spriggan rider!
The spriggan rider is heavily wounded.
The iceblast engulfs the slime creature!!
The slime creature is heavily wounded.
The iceblast engulfs the spriggan rider!!
The spriggan rider is moderately wounded.
The iceblast engulfs the slime creature!
The slime creature is lightly wounded.
The slime creature hits you but does no damage.
The spriggan rider hits you from afar with a +0 spear!!
* * * LOW HITPOINT WARNING * * *
The spriggan rider closely misses you.
You feel sick. The spriggan rider misses you.
The slime creature completely misses you.
The spriggan rider completely misses you.
Evoke which item? (* to show all) (? for menu, Esc to quit)
Aiming: Iceblast
Press: ? - help, Shift-Dir - straight line, f/p - spriggan rider
Aim: a spriggan rider, wielding a +0 spear (water, heavily wounded, umbra)
Okay, then.
Unknown command.
You feel sick. The vampire mosquito bites you!
* * * LOW HITPOINT WARNING * * *
The vampire mosquito draws strength from your injuries!
Your +0 pair of boots unmelds from your body.
You feel sick. The vampire mosquito misses you.
The spriggan rider closely misses you.
There is a stone staircase leading up here.
The vampire mosquito completely misses you.
The vampire mosquito bites you.
* * * LOW HITPOINT WARNING * * *
The vampire mosquito draws strength from your injuries!
The spriggan rider hits you from afar with a +0 spear!!
You die...

♣♣♣♣♣♣♣♣≈♣.≈≈≈≈≈.
♣♣♣♣...≈≈≈≈
♣§≈♣≈≈≈.≈.≈
♣.....§.≈.♣
♣♣♣♣♣≈........♣
♣♣♣♣♣...≈.≈.....≈♣♣
♣≈.♣♣.≈≈≈.......♣♣.
♣≈..♣≈≈≈≈..≈≈≈..≈♣.
♣≈@≈.≈≈...≈≈≈≈....≈
♣♣y≈§§♣≈≈≈...≈♣.≈≈≈
♣.ii≈≈♣.≈≈.♣♣♣♣.≈≈≈
♣.≈J≈≈y....♣♣♣.≈≈≈≈
♣♣.J≈≈≈....?≈.≈≈≈≈≈≈
♣.≈≈≈≈≈.y...§..§...♣
♣♣.≈≈JJ≈≈≈≈..≈.≈≈≈♣♣≈
♣.≈≈≈≈≈≈≈≈≈..≈.≈≈≈≈..
♣♣≈≈..≈≈§≈...♣.≈≈≈≈.≈


You could see 4 slime creatures, 2 spriggan riders and 3 vampire mosquitoes.

Vanquished Creatures
  4 hydras
  Harold (D:11)
  2 two-headed ogres
  4 alligators
  A spriggan druid (Swamp:1)
  Pikel (D:5)
  A cyclops (D:11)
  6 spiny frogs
  2 gargoyles
  5 komodo dragons
  A rime drake (Lair:4)
  2 trolls
  3 tyrant leeches
  8 hornets
  4 blink frogs (Lair:2)
  10 slime creatures
  5 hippogriffs
  3 bog bodies
  A shadow (D:12)
  12 yaks
  5 spriggans
  5 wyverns
  A basilisk (Lair:1)
  4 hungry ghosts
  8 vampire mosquitoes
  8 water moccasins
  3 swamp worms (Swamp:1)
  3 nagas (Lair:2)
  5 porcupines
  3 swamp drakes
  The ghost of Emblim88 the Ruffian, an amateur TrMo (D:4)
  7 orc warriors
  4 ice beasts
  A black bear (D:9)
  7 ogres
  2 sky beasts (D:5)
  3 phantoms
  3 centaurs
  An eye of draining (D:9)
  3 wolves (Lair:5)
  9 crocodiles
  2 big kobolds
  7 bullfrogs
  3 water moccasin zombies (Ossuary)
  3 scorpions
  12 killer bees
  A howler monkey (D:4)
  3 wights (D:7)
  An electric eel (Lair:3)
  3 crimson imps
  2 bullfrog zombies
  2 quasits
  A jelly (D:7)
  9 orc priests
  8 hounds
  A gnoll shaman (D:9)
  A centaur skeleton (D:4)
  2 bullfrog skeletons (D:4)
  Ijyb (D:5)
  An iguana (D:6)
  7 orc wizards
  8 worker ants
  6 big kobold zombies (Ossuary)
  A hound skeleton (D:4)
  2 mummies (Ossuary)
  7 gnolls
  16 adders
  A shadow imp (D:8)
  4 adder zombies
  3 adder skeletons
  2 worms
  5 dart slugs
  3 leopard geckos
  59 orcs
  5 bats
  6 giant cockroaches
  3 hobgoblins
  3 jackals (D:4)
  9 kobolds
  5 quokkas
  A ball python (D:3)
  2 frilled lizards (D:1)
  A gnoll zombie (Ossuary)
  4 goblins (D:2)
  3 hobgoblin zombies (Ossuary)
  3 kobold zombies (Ossuary)
  4 orc zombies (Ossuary)
  5 rats
403 creatures vanquished.

Vanquished Creatures (collateral kills)
  An orc priest (D:11)
  A howler monkey skeleton (D:9)
  An orc (D:11)
3 creatures vanquished.

Vanquished Creatures (others)
  6 dancing weapons
  3 fungi
  6 plants
15 creatures vanquished.

Grand Total: 421 creatures vanquished

Notes
Turn   | Place    | Note
-------+----------+-------------------------------------------
     0 | D:1      | MisterOstroum the Merfolk Enchanter began the quest for the
                  | Orb.
     0 | D:1      | Reached XP level 1. HP: 13/13 MP: 3/3
   304 | D:1      | Reached skill level 1 in Fighting
   327 | D:1      | Reached XP level 2. HP: 21/21 MP: 5/5
   332 | D:1      | Learned a level 2 spell: Ensorcelled Hibernation
  1327 | D:2      | Reached skill level 1 in Ice Magic
  1437 | D:2      | Reached XP level 3. HP: 19/26 MP: 3/6
  1963 | D:2      | Reached XP level 4. HP: 31/32 MP: 1/7
  3044 | D:3      | Learned a level 3 spell: Confuse
  3474 | D:4      | Reached XP level 5. HP: 38/38 MP: 5/8
  3680 | D:4      | Found a staircase to the Ecumenical Temple.
  3686 | Temple   | Entered the Ecumenical Temple
  3847 | Temple   | Became a worshipper of Dithmenos the Shadowed
  4049 | D:4      | Reached XP level 6. HP: 39/44 MP: 8/10
  4368 | D:4      | Learned a level 3 spell: Tukima's Dance
  4544 | D:4      | Found a runed translucent door.
  4546 | D:4      | Noticed Emblim88's ghost (amateur TrMo)
  4575 | D:4      | Killed Emblim88's ghost
  4575 | D:4      | Reached XP level 7. HP: 31/52 MP: 3/11
  4883 | D:4      | Reached skill level 5 in Ice Magic
  4982 | D:4      | Reached * piety under Dithmenos
  4982 | D:4      | Reached skill level 3 in Dodging
  5062 | D:5      | Entered Level 5 of the Dungeon
  5273 | D:5      | Reached skill level 4 in Dodging
  5273 | D:5      | Reached skill level 5 in Hexes
  5532 | D:5      | Noticed Ijyb
  5556 | D:5      | Reached skill level 5 in Dodging
  5565 | D:5      | Killed Ijyb
  5565 | D:5      | Reached XP level 8. HP: 20/58 MP: 2/12
  6161 | D:5      | Noticed Pikel
  6188 | D:5      | Killed Pikel
  6188 | D:5      | Reached skill level 5 in Stealth
  6945 | D:6      | Reached XP level 9. HP: 59/65 MP: 4/13
  6968 | D:6      | Reached ** piety under Dithmenos
  7403 | D:6      | Reached skill level 1 in Invocations
  7567 | D:6      | Reached skill level 5 in Fighting
  7732 | D:6      | Reached skill level 5 in Short Blades
  8320 | D:7      | Found a sand-covered staircase.
  8334 | Ossuary  | Entered an ossuary
  8642 | Ossuary  | Reached *** piety under Dithmenos
  9077 | D:7      | Noticed a +0 hand axe
  9078 | D:7      | Noticed a +0 hand axe
  9081 | D:7      | Found a hide-covered altar of Uskayaw.
  9479 | D:8      | Reached **** piety under Dithmenos
  9479 | D:8      | Reached XP level 10. HP: 74/74 MP: 14/14
  9733 | D:8      | Found a staircase to the Lair.
 10176 | D:8      | Found a white marble altar of Elyvilon.
 10263 | D:8      | Found a blossoming altar of Fedhas.
 10266 | D:8      | Noticed an oklob plant
 10266 | D:8      | Noticed an oklob plant
 10627 | D:9      | Noticed a two-headed ogre
 10647 | D:9      | Killed a two-headed ogre
 10647 | D:9      | Reached skill level 6 in Dodging
 10647 | D:9      | Reached skill level 1 in Evocations
 10842 | D:9      | Found a hide-covered altar of Uskayaw.
 10876 | D:9      | Reached skill level 7 in Dodging
 10879 | D:9      | Reached ***** piety under Dithmenos
 11383 | D:9      | Found an ancient bone altar of Kikubaaqudgha.
 11621 | D:10     | Entered Level 10 of the Dungeon
 11663 | Lair:1   | Entered Level 1 of the Lair of Beasts
 11700 | Lair:1   | Noticed a spiny frog
 11703 | Lair:1   | Noticed a spiny frog
 11709 | Lair:1   | Killed a spiny frog
 11711 | Lair:1   | Killed a spiny frog
 11711 | Lair:1   | Reached skill level 8 in Dodging
 11711 | Lair:1   | Reached XP level 11. HP: 74/79 MP: 12/17
 11950 | Lair:1   | Noticed an oklob plant
 11950 | Lair:1   | Noticed an oklob plant
 11950 | Lair:1   | Noticed an oklob plant
 12393 | Lair:2   | Reached skill level 5 in Invocations
 12613 | Lair:2   | Reached skill level 9 in Dodging
 12884 | Lair:2   | Found a staircase to the Swamp.
 12899 | Lair:2   | Noticed a seven-headed hydra
 12933 | Lair:2   | Found a staircase to the Snake Pit.
 13111 | Lair:2   | Reached skill level 5 in Spellcasting
 13250 | Lair:2   | Reached skill level 10 in Dodging
 13999 | Lair:3   | Learned a level 3 spell: Mephitic Cloud
 14709 | Lair:4   | Identified the Grimoire of the Spatial Entourage
 14718 | Lair:4   | Reached skill level 10 in Stealth
 15073 | Lair:4   | Reached XP level 12. HP: 87/87 MP: 20/20
 15218 | Lair:4   | Noticed a seven-headed hydra
 15594 | Lair:5   | Noticed a five-headed hydra
 15651 | Lair:5   | Noticed Rupert
 16661 | D:10     | Noticed a two-headed ogre
 16668 | D:10     | Killed a two-headed ogre
 16987 | D:11     | Reached skill level 1 in Poison Magic
 17125 | D:11     | Noticed Harold
 17130 | D:11     | Killed Harold
 17635 | D:11     | Noticed Snorg
 17957 | D:11     | Noticed Erolcha
 18160 | D:12     | Noticed Urug
 18433 | D:12     | Noticed Frances
 18692 | D:12     | Found a staircase to the Orcish Mines.
 18864 | D:12     | Noticed Gastronok
 19150 | Lair:4   | Reached skill level 10 in Hexes
 19214 | Lair:2   | Killed a seven-headed hydra
 19282 | Lair:2   | Reached XP level 13. HP: 89/100 MP: 10/22
 19356 | Swamp:1  | Entered Level 1 of the Swamp
 19461 | Swamp:1  | Noticed a thorn hunter
 19619 | Swamp:1  | Reached skill level 10 in Fighting
 19835 | Swamp:1  | HP: 4/103 [spriggan rider/+0 spear (20)]
 19963 | Swamp:1  | Paralysed by a hornet for 3 turns
 19968 | Swamp:1  | Reached skill level 10 in Short Blades
 20089 | Swamp:1  | Reached ****** piety under Dithmenos
 20377 | Swamp:2  | Reached skill level 11 in Dodging
 20436 | Swamp:3  | Noticed Bai Suzhen
 20448 | Swamp:3  | Reached skill level 1 in Air Magic
 20455 | Swamp:3  | Reached skill level 1 in Conjurations
 20635 | Swamp:2  | Demolished by a spriggan rider

Levels and vault maps discovered:
D:1:      evilmike_arrival_plus, layout_loops_cross
D:2:      layout_basic, serial_forest, infiniplex_forest_clump_double,
          infiniplex_forest_clump_long, infiniplex_forest_clump_tiny,
          infiniplex_forest_clump_medium, infiniplex_forest_clump_long,
          infiniplex_forest_end_1, infiniplex_forest_lined_3,
          infiniplex_forest_lined_room_, infiniplex_forest_clump_small
D:3:      layout_rooms, first_ration, serial_bayou_crossing
D:4:      layout_basic, minmay_temple_entry_fiery, ebering_ghost_reflecting_pool
D:5:      layout_basic, uniq_pikel, uniq_ijyb
D:6:      layout_loops_corners
D:7:      layout_rooms, dancing_weapons_uskayaw, enter_ossuary_2
D:8:      layout_basic, elyvilon_altar_3, dpeg_oklobed_lair,
          hangedman_tree_tricks
D:9:      layout_rooms, the_bakery, minmay_stone_trees_small,
          minmay_misc_feat_x, minmay_liquid_box, hangedman_feature_mirror,
          hangedman_decor_riveting
D:10:     layout_long_grid, minmay_misc_feat_plants
D:11:     layout_long_grid, chequers_arboretum,
          hangedman_abyss_or_decor_lesser_grid, minmay_misc_feat_ornament,
          uniq_harold, uniq_snorg, uniq_erolcha
D:12:     layout_basic, david_orc_2, uniq_gastronok, uniq_urug, uniq_maurice,
          uniq_frances
Temple:   regret_index_temple_chain_breaker
Lair:1:   layout_regular_city, grunt_megastairs_4, minmay_lair_oklob_chamber
Lair:2:   layout_chaotic_city, skrybe_swamp_entry_bodies,
          guppyfry_snake_entry_garden, eino_small_chamber_without_monster
Lair:3:   layout_loops_ring, serial_bayou_shore_b, serial_bayou_shore_a
Lair:4:   layout_roguey, serial_bayou_pond_e, minivault_23, wad_woods_03,
          lemuel_fruit_fields
Lair:5:   layout_small_grid, serial_forest, infiniplex_forest_end_1,
          infiniplex_forest_straight_2, infiniplex_forest_straight_2,
          infiniplex_forest_clump_C, infiniplex_forest_clump_large,
          infiniplex_forest_end_3, infiniplex_forest_clump_tiny,
          infiniplex_forest_clump_small, beast_lair_carwin_8, uniq_rupert
Swamp:1:  layout_basic_swamp, evilmike_swamp_ruin_house_3,
          hangedman_swamp_blocks
Swamp:2:  layout_basic_swamp, evilmike_swamp_ruin_house_2, uniq_roxanne
Swamp:3:  layout_basic_swamp, evilmike_swamp_ruin_house_1,
          infiniplex_staircase_pool_2, uniq_bai_suzhen

Skill      XL: |  1  2  3  4  5  6  7  8  9 10 11 12 13 |
---------------+----------------------------------------+-----
Fighting       | 1 2 3 4 5 8 10 | 10.0
Ice Magic      | 1 2 3 4 5 |  5.0
Short Blades   | 2 3 6 8 10 | 10.0
Spellcasting   | 3 4 5 6 |  6.1
Hexes          | 4 5 6 8 10 | 10.0
Dodging        | 5 8 10 11 | 11.3
Stealth        | 6 8 10 | 10.0
Invocations    | 4 6 8 |  8.8
Evocations     | 3 4 |  4.2
Poison Magic   | 2 4 |  4.2
Air Magic      | 1 |  1.2
Conjurations   | 1 |  1.3

Action                   |  1- 3 |  4- 6 |  7- 9 | 10-12 | 13-15 || total
-------------------------+-------+-------+-------+-------+-------++-------
Melee: Dagger            |   100 |   153 |   443 |   485 |    55 ||  1236
       Tailslap          |       |     1 |       |     2 |     4 ||     7
       Rapier            |       |       |       |    23 |    18 ||    41
Throw: Stone             |    18 |    52 |    15 |    45 |     2 ||   132
 Cast: Corona            |     6 |       |     3 |     2 |       ||    11
       Ensorcelled Hiber |     6 |    17 |    26 |   148 |    24 ||   221
       Confuse           |       |     8 |    44 |    65 |    10 ||   127
       Tukima's Dance    |       |       |     7 |    16 |       ||    23
       Mephitic Cloud    |       |       |       |       |     2 ||     2
Invok: Shadow Step       |       |       |       |     5 |     1 ||     6
Evoke: Wand              |       |       |     3 |     4 |    17 ||    24
  Use: Scroll            |     4 |     7 |     2 |    15 |     6 ||    34
       Potion            |     1 |     1 |       |       |     4 ||     6
 Stab: Sleeping          |     9 |    12 |    32 |   126 |    26 ||   205
       Confused          |       |     6 |    25 |    32 |     9 ||    72
       Distracted        |       |       |       |     3 |       ||     3
  Eat: Chunk             |     4 |    10 |    16 |    36 |     2 ||    68
       Ration            |       |       |     2 |     1 |     1 ||     4
Armor: Robe              |    28 |    15 |    34 |     4 |       ||    81
       Skin              |     3 |    20 |       |       |       ||    23
       Troll leather arm |       |       |       |    39 |    14 ||    53
Dodge: Dodged            |    75 |    61 |   266 |   329 |   103 ||   834
